 Dungeon Crawl Stone Soup version 0.21-a0-460-g737a915 (webtiles) character file.

31 rgaf the Shield-Bearer (level 3, 0/29 HPs)
             Began as a Formicid Fighter on Nov 21, 2017.
             Succumbed to a goblin's poison
             ... on level 2 of the Dungeon.
             The game lasted 00:01:04 (874 turns).

rgaf the Shield-Bearer (Formicid Fighter)            Turns: 874, Time: 00:01:05

Health: 0/29       AC:  6    Str: 20    XL:     3   Next: 40%
Magic:  3/3        EV: 12    Int:  7    God:
Gold:   70         SH: 10    Dex: 16    Spells: 2/2 levels left

rFire    . . .     SeeInvis +   a - +0 flail
rCold    . . .     Gourm    .   c - +0 shield
rNeg     . . .     Faith    .   b - +0 scale mail
rPois    .         Spirit   .   (helmet unavailable)
rElec    .         Reflect  .   (no cloak)
rCorr    .         Harm     .   (no gloves)
MR       .....     Clarity  +   (no boots)
Stlth    +.........             (no amulet)
HPRegen  0.00/turn              (no ring)
MPRegen  0.08/turn              (no ring)

@: agile, lethally poisoned (0 -> -6), very slightly contaminated, invisible
A: permanent stasis, dig shafts and tunnels, four strong arms, antennae 3,
clarity, inhibited regeneration
a: Dig, Shaft Self


You were on level 2 of the Dungeon.
You were not hungry.

You visited 1 branch of the dungeon, and saw 2 of its levels.

You collected 70 gold pieces.

Inventory:

Hand Weapons
 a - a +0 flail (weapon)
 s - a +2 whip of venom
Missiles
 m - 25 bolts
Armour
 b - a +0 scale mail (worn)
 c - a +0 shield (worn)
Jewellery
 k - an uncursed ring of positive energy {unknown}
 p - an uncursed ring of poison resistance {unknown}
Scrolls
 e - 2 scrolls of teleportation {unknown}
 i - 3 scrolls of remove curse {unknown}
 j - a scroll of magic mapping {unknown}
 q - a scroll of amnesia {unknown}
 r - a scroll of identify {unknown}
Potions
 d - a potion of might
 l - a potion of agility
Comestibles
 f - 2 bread rations
 g - 3 chunks of flesh
 o - a royal jelly


   Skills:
 - Level 3.2 Fighting
 + Level 3.6 Maces & Flails
 - Level 3.2 Armour
 - Level 3.6 Shields


You had 2 spell levels left.
You didn't know any spells.

Dungeon Overview and Level Annotations

Branches:
Dungeon (2/15)

Altars:
Makhleb


Innate Abilities, Weirdness & Mutations

You cannot be hasted, slowed, berserked, paralysed or teleported.
You can dig through walls and to a lower floor.
Your four strong arms can wield two-handed weapons with a shield.
You have a pair of large antennae on your head. (SInv)
You possess an exceptional clarity of mind.
You do not regenerate when monsters are visible.


Message History

You see here a scroll labeled DOUL FODWOCAOF.
* * * LOW HITPOINT WARNING * * *
You feel sick.
* * * LOW HITPOINT WARNING * * *
You feel sick.
* * * LOW HITPOINT WARNING * * *
You feel sick.
* * * LOW HITPOINT WARNING * * *
You feel sick. You block the worm's attack.
You see here a scroll labeled DOUL FODWOCAOF.
You hit the worm.
The worm is lightly wounded.
* * * LOW HITPOINT WARNING * * *
You feel sick.
You sock the worm!
The worm is heavily wounded.
* * * LOW HITPOINT WARNING * * *
You feel sick. The worm misses you.
You die...

#.........#....#[####.#
#...###.###(####.#
#...# #.# #....#.#
#...# #.# ####.#.#
#...###.######.#.#
............##.#.#
#.#.###.###.##.#w#
#.#.###.###.##.#.#
..#............#@#
#.#####.###.####.# #.#
#.# #.# ..# #.# #..
#### #.# #### #.# { #.#
#.# #.#


You could see a worm.

Vanquished Creatures
  An ooze (D:2)
  A worm (D:2)
  2 ball pythons (D:1)
  3 bats (D:1)
  3 giant cockroaches
  A hobgoblin (D:2)
  3 kobolds
  5 goblins
  4 rats
23 creatures vanquished.

Notes
Turn   | Place    | Note
-------+----------+-------------------------------------------
     0 | D:1      | rgaf the Formicid Fighter began the quest for the Orb.
     0 | D:1      | Reached XP level 1. HP: 18/18 MP: 1/1
   290 | D:1      | Reached XP level 2. HP: 22/24 MP: 2/2
   793 | D:2      | Reached XP level 3. HP: 29/29 MP: 3/3
   854 | D:2      | Found a burning altar of Makhleb.
   857 | D:2      | Gained mutation: You do not regenerate when monsters are visible. [potion of mutation]
   857 | D:2      | Gained mutation: You possess an exceptional clarity of mind. [potion of mutation]
   872 | D:2      | HP: 1/29 [poisoned by a goblin]
   874 | D:2      | Succumbed to a goblin's poison

Vault maps used:
D:1:      dpeg_arrival_subterranean_lakeside_camping, minmay_misc_feat_plants
D:2:      hangedman_ru_absence, bloody_makhleb

Skill      XL: |  1  2 |
---------------+-------+-----
Maces & Flails | 3 |  3.6
Fighting       | |  3.2
Armour         | |  3.2
Shields        | |  3.6

Action                   || total
-------------------------++-------
Melee: Flail             ||    74
  Use: Potion            ||     3
Armor: Scale mail        ||    38
Dodge: Dodged            ||    28
Block: Shield            ||    43

Table legend:
 A = Spawn XP
 B = Non-spawn XP
 C = Spawn XP percentage of total XP
 D = Spawn monster count
 E = Non-spawn monster count
 F = Spawn count percentage of total count
 G = Total turns spent on level
                    A         B        C        D         E        F      G
               +---------+---------+-------+---------+---------+-------+---------
         Total |       0 |      45 |   0.0 |       0 |      23 |   0.0 |   874
               +---------+---------+-------+---------+---------+-------+---------
           D:1 |       0 |      25 |   0.0 |       0 |      16 |   0.0 |   772
           D:2 |       0 |      20 |   0.0 |       0 |       7 |   0.0 |   102
               +---------+---------+-------+---------+---------+-------+---------
